 Dungeon Crawl Stone Soup version 0.22-a0-553-g9358b0b (webtiles) character file.

460370 xccam the Warrior (level 25, -8/190 HPs)
             Began as a Human Fighter on June 23, 2018.
             Was the Champion of Hepliaklqana.
             Mangled by an ettin
             ... wielding a +0 dire flail
              (32 damage)
             ... on level 5 of the Vaults on June 25, 2018.
             The game lasted 02:26:39 (55468 turns).

xccam the Warrior (Human Fighter)                  Turns: 55468, Time: 02:26:40

Health: -8/190     AC: 36    Str: 24    XL:     25   Next: 69%
Magic:  29/29      EV: 30    Int: 12    God:    Hepliaklqana [******]
Gold:   2496       SH: 20    Dex: 24    Spells: 24/24 levels left

rFire    + . .     SeeInvis +   M - +9 demon trident (venom)
rCold    + . .     Gourm    .   c - +1 shield
rNeg     + + +     Faith    .   u - +3 chain mail {rF+}
rPois    .         Spirit   .   H - +2 helmet {Int+3}
rElec    .         Reflect  +   B - +2 cloak {MR+}
rCorr    .         Harm     .   b - +2 pair of gloves
MR       ++...                  o - +2 pair of boots
Stlth    ..........             Z - +4 amulet of reflection
HPRegen  0.41/turn              q - ring "Jiutag" {rC+ rN+++ AC+3 Str+4 Int-2}
MPRegen  0.21/turn              g - ring of see invisible

@: agile, about to teleport, marked, very slightly contaminated
A: reduced essence
}: 2/15 runes: decaying, serpentine
a: Recall Ancestor, Ancestor Identity, Transference, Idealise, Renounce Religion


You were on level 5 of the Vaults.
You worshipped Hepliaklqana.
Hepliaklqana was exalted by your worship.
You were not hungry.

You visited 8 branches of the dungeon, and saw 42 of its levels.

You collected 4723 gold pieces.
You spent 2227 gold pieces at shops.

Inventory:

Hand Weapons
 C - the +10 trident of Riomm {freeze, +Rage rF+}
   (You found it on level 2 of the Depths)

   It has been specially enchanted to freeze those struck by it, causing extra
   injury to most foes and up to half again as much damage against particularly
   susceptible opponents.
   It can also slow down cold-blooded creatures.
   It protects you from fire.
   It lets you go berserk.
 M - a +9 demon trident of venom (weapon)
Armour
 b - a +2 pair of gloves (worn)
 c - a +1 shield (worn)
 e - +0 fire dragon scales
 o - a +2 pair of boots (worn)
 u - a +3 chain mail of fire resistance (worn)
 A - +0 gold dragon scales
 B - a +2 cloak of magic resistance (worn)
 H - a +2 helmet of intelligence (worn)
 Q - the +1 chain mail "Dikomy" {rElec Dex+3}
   (You found it on level 6 of the Lair of Beasts)

   It affects your dexterity (+3).
   It insulates you from electricity.
 X - a +2 large shield
Jewellery
 g - a ring of see invisible (right hand)
 m - an uncursed ring of fire
 p - an uncursed ring of protection from cold
 q - the ring "Jiutag" (left hand) {rC+ rN+++ AC+3 Str+4 Int-2}
   (You bought it in a shop on level 2 of the Orcish Mines)

   [ring of protection]

   It affects your AC (+3).
   It affects your strength (+4).
   It affects your intelligence (-2).
   It protects you from cold.
   It renders you almost immune to negative energy.
 t - an uncursed ring of ice
 y - the macabre finger necklace {rN+}
   (You bought it in a shop on level 1 of the Depths)

   [amulet of nothing]

   It protects you from negative energy.
 z - an uncursed ring of poison resistance
 Z - a +4 amulet of reflection (around neck)
Wands
 a - a wand of clouds (12)
 I - a wand of digging (52)
 J - a wand of iceblast (25)
Scrolls
 d - 3 scrolls of fog
 j - 2 scrolls of silence
 k - 8 scrolls of amnesia
 r - a scroll of fear
 s - 18 scrolls of remove curse
 w - 5 scrolls of magic mapping
 P - 12 scrolls of identify
 R - 7 scrolls of immolation
 T - a scroll of blinking
 U - 2 scrolls of summoning
 V - 5 scrolls of enchant armour
Potions
 h - 6 potions of curing
 l - 2 potions of haste
 n - 2 potions of berserk rage
 x - 5 potions of flight
 E - 4 potions of might
 F - 4 potions of resistance
 L - 5 potions of lignification
 N - 3 potions of mutation
Miscellaneous
 D - 3 phantom mirrors
Comestibles
 f - 50 rations


   Skills:
 + Level 20.5 Fighting
   Level 10.6(13.5) Axes
 - Level 13.7(15.0) Polearms
 + Level 19.9 Armour
 + Level 19.8 Dodging
 - Level 15.0 Shields
 - Level 9.0 Invocations


You had 24 spell levels left.
You didn't know any spells.
Your spell library contained the following spells:

 Spells                   Type           Power        Failure   Level  Hunger
 Cause Fear               Hex            #.........   100%        4    #####..
 Apportation              Tloc           #.....       73%         1    ##.....
 Bolt of Fire             Conj/Fire      #.........   100%        6    #######
 Bolt of Magma            Conj/Fire/Erth #.........   100%        5    ######.
 Invisibility             Hex            #.......     100%        6    #######
 Controlled Blink         Tloc           N/A          100%        8    #######
 Mephitic Cloud           Conj/Pois/Air  #.......     97%         3    ####...
 Venom Bolt               Conj/Pois      #.........   100%        5    ######.
 Olgreb's Toxic Radiance  Pois           #.......     100%        4    #####..
 Teleport Other           Tloc           #.......     97%         3    ####...
 Summon Small Mammal      Summ           #...         73%         1    ##.....
 Blink                    Tloc           N/A          86%         2    ###....
 Animate Dead             Necr           N/A          100%        4    #####..
 Animate Skeleton         Necr           N/A          73%         1    ##.....
 Summon Ice Beast         Ice/Summ       #.......     100%        4    #####..
 Call Imp                 Summ           #.......     86%         2    ###....
 Dispel Undead            Necr           #.......     100%        5    ######.
 Sting                    Conj/Pois      #...         73%         1    ##.....
 Tukima's Dance           Hex            #.......     97%         3    ####...
 Summon Demon             Summ           #.........   100%        5    ######.
 Iron Shot                Conj/Erth      #.........   100%        6    #######
 Swiftness                Chrm/Air       #.......     86%         2    ###....
 Recall                   Summ/Tloc      N/A          97%         3    ####...
 Agony                    Necr           #.......     100%        5    ######.
 Spider Form              Tmut/Pois      #.........   97%         3    ####...
 Blade Hands              Tmut           #.........   100%        5    ######.
 Statue Form              Tmut/Erth      #........    100%        6    #######
 Ice Form                 Ice/Tmut       #.......     100%        4    #####..
 Dragon Form              Tmut           #.........   100%        7    #######
 Death Channel            Necr           #.........   100%        6    #######
 Shadow Creatures         Summ           N/A          100%        6    #######
 Confusing Touch          Hex            #.....       73%         1    ##.....
 Flame Tongue             Conj/Fire      #....        73%         1    ##.....
 Passwall                 Tmut/Erth      #.......     86%         2    ###....
 Ignite Poison            Fire/Tmut/Pois #.......     97%         3    ####...
 Sticks to Snakes         Tmut           #.......     86%         2    ###....
 Call Canine Familiar     Summ           #.......     97%         3    ####...
 Summon Butterflies       Summ           #.......     73%         1    ##.....
 Shatter                  Erth           #.........   100%        9    #######
 Dispersal                Tloc           #.........   100%        6    #######
 Alistair's Intoxication  Tmut/Pois      #.......     100%        5    ######.
 Lee's Rapid Deconstruct  Erth           #.........   100%        5    ######.
 Simulacrum               Ice/Necr       #.........   100%        6    #######
 Conjure Ball Lightning   Conj/Air       #.........   100%        6    #######
 Portal Projectile        Hex/Tloc       #.....       97%         3    ####...
 Passage of Golubria      Tloc           N/A          100%        4    #####..
 Leda's Liquefaction      Hex/Erth       #.........   100%        4    #####..
 Summon Hydra             Summ           #.........   100%        7    #######
 Darkness                 Hex            #.........   100%        6    #######
 Shroud of Golubria       Chrm/Tloc      #.........   86%         2    ###....
 Aura of Abjuration       Summ           #.........   100%        5    ######.
 Beastly Appendage        Tmut           #.....       73%         1    ##.....
 Disjunction              Tloc           #.........   100%        8    #######
 Force Lance              Conj/Tloc      #.......     100%        4    #####..
 Summon Forest            Summ/Tloc      #.........   100%        5    ######.
 Summon Lightning Spire   Summ/Air       #.......     100%        4    #####..
 Summon Guardian Golem    Hex/Summ       #.......     97%         3    ####...
 Dragon's Call            Summ           #.........   100%        9    #######
 Summon Mana Viper        Hex/Summ       #.......     100%        5    ######.
 Gell's Gravitas          Tloc           #.........   97%         3    ####...
 Lesser Beckoning         Tloc           #.........   97%         3    ####...
 Poisonous Vapours        Pois/Air       #.....       86%         2    ###....
 Borgnjor's Vile Clutch   Necr/Erth      #.........   100%        5    ######.


Dungeon Overview and Level Annotations

Branches:
Dungeon (15/15)            Temple (1/1) D:5            Lair (6/6) D:10
  Swamp (4/4) Lair:2        Snake (4/4) Lair:3        Slime (0/5) Lair:6
    Orc (2/2) D:10            Elf (0/3) Orc:2        Vaults (5/5) D:14
  Crypt (0/3) Vaults:3     Depths (5/5) D:15            Zot (0/5) Depths:5

Altars:
Ashenzari
Cheibriados
Dithmenos
Elyvilon
Fedhas
Gozag
Hepliaklqana
Kikubaaqudgha
Makhleb
Nemelex Xobeh
Okawaru
Qazlal
Ru
Sif Muna
Trog
Uskayaw
Vehumet
Wu Jian
Xom
Yredelemnul
Zin
The Shining One
Beogh
Jiyva

Shops:
Orc:1 [   Orc:2 =(=%   Vaults:1 *   Vaults:2 =   Depths:1 ==}

Portals:
Hell: Depths:1 Depths:2 Depths:3 Depths:4 Depths:5
Abyss: Depths:3 Depths:4
Pandemonium: Depths:3 Depths:5
Ziggurat: Depths:3

Annotations:
Orc:1 1 runed door, exclusion: 4 orange crystal statues


Message History

The deep elf mage cries, "Mercy!"
The deep elf mage mumbles some strange words.
The deep elf mage blinks!
The vault guard hits you but does no damage.
The deep elf mage gestures wildly while chanting.
The deep elf mage blinks!
Unknown command.
As you read the scroll of teleportation, it crumbles to dust.
You feel strangely unstable.
The chaos spawn degenerates into a cloud of primal chaos!
You block the lich's attack.
You block the deep elf elementalist's attack.
A vault sentinel comes into view. It is wielding a long sword.
Cornered, the orc knight turns to fight!
Cornered, the yaktaur turns to fight!
The yaktaur captain cries, "Mercy!"
Cornered, the tengu reaver turns to fight!
Cornered, the vault guard turns to fight!
The ettin hits you with a dire flail!!
You die...

#..# #....#..# #....#..# ..
#...o#..###### #. #....#.p......
#. #....#.C...... #.
#....#CX#####################.
#...o#p.pc.Cepp.cp...§§§§.....
##.....pDCDOoO@LD.X44e..§e.....
#......oCcpp9QpCX.4e.§§§D...p..
.........o######################
..............p..?.Dp....p§.e§D.
.....................p....§§§§§.
################################


You could see a shadow dragon, 3 tentacled monstrosities, 3 titans, 2 storm
dragons, a stone giant, a vault warden (fleeing), a tengu reaver, a lich, 2
yaktaur captains, 6 vault guards, an orc knight, an ettin, 2 deep elf
elementalists, a two-headed ogre (fleeing), an ogre mage, a deep elf
demonologist, a war gargoyle, 2 vault sentinels, a yaktaur, an ice devil, 2
chaos spawn, an orc warrior (fleeing) and an orc.

Vanquished Creatures
  A juggernaut (Depths:5)
  2 ancient liches (Vaults:5)
  Sojobo (Depths:2)
  Vashnia (Snake:3)
  A caustic shrike (Depths:2)
  Nikola (Swamp:2)
  2 golden dragons
  A bone dragon (Depths:5)
  2 tentacled monstrosities (Vaults:5)
  Rupert (D:15)
  A titan (Vaults:5)
  4 liches
  2 sphinxes
  5 tengu reavers
  A storm dragon (Depths:4)
  Kirke (Swamp:3)
  3 shadow dragons
  A thorn hunter (Swamp:1)
  9 nagarajas
  7 frost giants
  The ghost of TheNamelessOne the Warrior, an adept OpTm of Cheibriados (Orc:2)
  9 fire giants
  Aizul (Swamp:3)
  2 iron dragons
  8 vault wardens
  15 ironheart preservers
  The ghost of ThereIsNoGod the Eclecticist, a journeyman FoEE of Ru (D:14)
  A deep elf elementalist (Depths:5)
  2 spriggan defenders (Depths:1)
  2 draconian shifters (Depths:5)
  20 very ugly things
  A green draconian (Depths:5)
  13 stone giants
  The ghost of Uptaduxi the Destroyer, a journeyman DECj of Sif Muna (Swamp:1)
  A war gargoyle (Vaults:5)
  A caustic shrike skeleton (Depths:4)
  2 entropy weavers
  Nessos (D:13)
  2 vampire knights
  A deep elf annihilator (Depths:4)
  2 deep elf demonologists
  A white draconian (Depths:5)
  A purple draconian (Depths:5)
  6 spark wasps
  A red draconian (Depths:5)
  A dire elephant (Lair:3)
  10 ettins
  A blizzard demon (D:14)
  A deep elf death mage (Vaults:2)
  7 fire dragons
  14 yaktaur captains
  16 vault guards
  7 great orbs of eyes
  14 hydras
  6 rakshasas
  17 ice dragons
  4 spriggan air magi
  The ghost of Xetaorace the Cleaver, a journeyman DsGl of Uskayaw (Lair:1)
  8 naga warriors
  A hydra (shapeshifter) (Depths:1)
  39 two-headed ogres
  An alligator (shapeshifter) (Depths:4)
  3 catoblepae (Lair:6)
  8 alligators
  9 anacondas
  5 centaur warriors
  7 death knights
  8 death yaks
  11 deep troll shamans
  9 ogre magi
  A hell hog (Depths:3)
  6 spriggan berserkers
  3 tengu warriors
  Urug (D:10)
  9 deep troll earth magi
  2 deep elf knights
  13 naga sharpshooters
  An orc high priest (Orc:2)
  7 shock serpents
  Nergalle (D:10)
  2 shadow wraiths
  6 hell knights
  2 salamander mystics (Snake:4)
  5 iron trolls
  A fire crab (shapeshifter) (Depths:1)
  A flayed ghost (Depths:2)
  5 glowing orange brains
  7 naga ritualists
  4 spriggan druids
  38 deep trolls
  2 deep elf archers (Vaults:3)
  18 ironbrand convokers
  A lindwurm (Lair:6)
  2 swamp dragons
  4 necromancers
  2 wizards
  13 orc knights
  4 wolf spiders
  5 deep elf magi
  10 harpies
  5 mana vipers
  41 ugly things
  2 stone giant zombies
  2 orb spiders (shapeshifter)
  3 orc sorcerers
  A salamander (shapeshifter) (Vaults:3)
  7 cyclopes
  3 manticores
  7 salamanders
  10 slime creatures
  A human skeleton (Vaults:2)
  14 elephants (Lair:3)
  A moth of wrath (shapeshifter) (Depths:4)
  Joseph (Lair:1)
  22 naga magi
  10 vault sentinels
  20 black mambas
  2 gargoyles
  3 kobold demonologists
  8 spiny frogs
  4 spectral swamp worms (Depths:4)
  A spriggan skeleton (Depths:4)
  2 komodo dragons
  A yaktaur zombie (Vaults:4)
  An ice devil (D:14)
  A yaktaur (shapeshifter) (Vaults:4)
  4 hexers
  2 rime drakes
  37 yaktaurs
  A tengu conjurer (D:13)
  7 freezing wraiths
  A golden dragon simulacrum (Depths:4)
  A troll (shapeshifter) (Depths:3)
  3 meliai (Lair:5)
  7 tyrant leeches
  A queen bee (Lair:5)
  A wolf spider simulacrum (D:14)
  A polar bear (shapeshifter) (Vaults:3)
  13 trolls
  14 hornets
  4 polar bears
  9 blink frogs
  10 hippogriffs
  7 bog bodies
  17 dream sheep
  A slime creature (shapeshifter) (Vaults:5)
  A spriggan zombie (Depths:1)
  2 centaur simulacra (D:14)
  An elf zombie (Depths:4)
  2 shadows
  22 spriggans
  4 wyverns
  5 wraiths
  41 yaks
  2 hungry ghosts (D:14)
  A hog (Swamp:3)
  An elf skeleton (Vaults:4)
  4 swamp worm simulacra (Swamp:4)
  22 vampire mosquitoes
  17 insubstantial wisps
  4 wargs
  An acid dragon (Vaults:1)
  17 hydra simulacra (Swamp:4)
  60 nagas
  2 soldier ants (shapeshifter)
  14 swamp worms
  A floating eye (Depths:3)
  5 hell hounds
  3 porcupines
  6 water moccasins
  A hornet zombie (D:10)
  4 sky beasts
  An ettin simulacrum (Vaults:2)
  33 orc warriors
  5 swamp drakes
  3 phantoms
  2 eyes of draining
  6 ice beasts
  2 black bears
  A necrophage (D:12)
  44 ogres
  10 boggarts
  11 wolves
  16 centaurs
  5 crocodiles
  5 big kobolds
  A human zombie (Vaults:4)
  14 bullfrogs
  A wyvern zombie (D:14)
  2 scorpions
  A hornet simulacrum (D:14)
  11 killer bees
  11 wights
  2 vampire bats (D:3)
  5 howler monkeys
  3 jellies
  An electric eel (Lair:2)
  6 crimson imps
  A bullfrog zombie (D:9)
  3 quasits
  9 orc priests
  18 orc wizards
  8 hounds
  A wyvern simulacrum (D:14)
  An iguana (D:5)
  An iron imp (Depths:3)
  2 bullfrog skeletons
  A centaur skeleton (D:10)
  Terence (D:2)
  2 hell rats (Lair:4)
  8 worker ants
  A killer bee zombie (D:7)
  3 hound skeletons
  2 gnolls (D:9)
  12 adders
  6 river rats (Lair:4)
  6 shadow imps
  An ooze (D:2)
  3 swamp drake simulacra (Swamp:4)
  An adder skeleton (D:5)
  A worm (D:3)
  4 dart slugs
  4 leopard geckos
  70 orcs
  3 ball pythons
  14 bats
  8 giant cockroaches
  7 goblins
  8 hobgoblins
  10 jackals
  5 quokkas
  9 frilled lizards
  A goblin zombie (D:5)
  2 hobgoblin zombies (D:5)
  A jackal skeleton (D:8)
  A jackal zombie (D:6)
  21 kobolds
  A kobold zombie (D:5)
  A leopard gecko zombie (D:8)
  An orc skeleton (D:5)
  10 rats
  4 plants
1563 creatures vanquished.

Vanquished Creatures (collateral kills)
  Bai Suzhen (Swamp:3)
  2 liches
  A tentacled monstrosity (Depths:2)
  3 sphinxes
  A tengu reaver (Vaults:5)
  A nagaraja (Snake:4)
  An iron dragon (Depths:2)
  2 vault wardens (Vaults:4)
  A draconian stormcaller (Depths:5)
  A spriggan defender (Depths:4)
  3 ironheart preservers
  2 very ugly things
  A stone giant (Vaults:5)
  A fire dragon (Depths:4)
  2 ettins
  2 hydras
  A rakshasa (Depths:4)
  A vault guard (Vaults:3)
  3 ice dragons
  A catoblepas (Lair:5)
  3 anacondas
  2 alligators
  5 two-headed ogres
  3 deep troll earth magi
  5 ogre magi
  2 naga sharpshooters (Snake:3)
  Sonja (D:10)
  A hell knight (Depths:4)
  A salamander mystic (Snake:4)
  A flayed ghost (Vaults:4)
  A deep troll (Depths:3)
  A harpy (Vaults:3)
  A necromancer (Vaults:2)
  2 deep elf magi
  An orc knight (Vaults:2)
  9 ugly things
  A frost giant zombie (Depths:1)
  A salamander (Snake:4)
  2 elephants (Lair:3)
  2 black mambas (Snake:1)
  A naga mage (Snake:1)
  A centaur zombie (D:13)
  A vault sentinel (Vaults:4)
  A spectral swamp worm (Depths:4)
  2 spiny frogs
  A komodo dragon (Lair:4)
  5 yaktaurs
  A human skeleton (Vaults:4)
  A tengu conjurer (Depths:3)
  A red devil (D:9)
  2 trolls (D:13)
  A sphinx simulacrum (Vaults:2)
  2 tyrant leeches (Swamp:4)
  2 slime creatures
  2 hippogriffs
  2 bog bodies (Swamp:2)
  An iron dragon simulacrum (Depths:4)
  A dream sheep (Lair:5)
  A wraith (D:10)
  7 yaks
  A spriggan (shapeshifter) (Depths:4)
  3 spriggans
  2 basilisks
  A hog (shapeshifter) (Depths:2)
  A vampire mosquito (Swamp:1)
  A hungry ghost (D:10)
  Grum (D:8)
  2 swamp worms
  3 insubstantial wisps
  12 nagas
  2 hell hounds
  2 porcupines
  3 water moccasins
  6 orc warriors
  2 black bears
  6 ogres
  2 centaurs
  7 crocodiles
  A bullfrog (D:14)
  A water moccasin zombie (D:7)
  A scorpion (D:13)
  6 killer bees
  A wight (D:8)
  A howler monkey (D:7)
  A crimson imp (D:5)
  2 orc priests (D:11)
  4 orc wizards
  3 worker ants
  A gnoll (D:9)
  An adder (D:5)
  A shadow imp (D:8)
  A swamp drake simulacrum (Swamp:4)
  22 orcs
  A giant cockroach (D:8)
  A jackal (D:8)
  4 kobolds
  A hobgoblin zombie (D:5)
  An orc zombie (D:5)
224 creatures vanquished.

Vanquished Creatures (others)
  A golden dragon (Vaults:5)
  3 fire giants
  3 yaktaur captains
  A centaur warrior (Vaults:4)
  A swamp dragon (Swamp:4)
  A salamander (Snake:4)
  10 yaktaurs
  2 slime creatures (Swamp:4)
  A spriggan (Swamp:4)
  2 vampire mosquitoes (Swamp:2)
  A warg (Vaults:3)
  A swamp worm (Swamp:4)
  2 centaurs (Vaults:4)
  85 hexers
  2 briar patches (Swamp:1)
  52 fungi
  167 plants
  6 toadstools (Swamp:1)
341 creatures vanquished.

Grand Total: 2128 creatures vanquished

Notes
Turn   | Place    | Note
-------+----------+-------------------------------------------
     0 | D:1      | xccam the Human Fighter began the quest for the Orb.
     0 | D:1      | Reached XP level 1. HP: 18/18 MP: 1/1
    68 | D:1      | Reached XP level 2. HP: 23/24 MP: 2/2
   438 | D:1      | Reached XP level 3. HP: 28/29 MP: 3/3
   953 | D:2      | Reached XP level 4. HP: 19/35 MP: 4/4
  1369 | D:2      | Found an ancient bone altar of Kikubaaqudgha.
  1610 | D:2      | Noticed Terence
  1623 | D:2      | Killed Terence
  1623 | D:2      | Reached XP level 5. HP: 29/41 MP: 5/5
  1679 | D:2      | Reached skill level 5 in Axes
  2079 | D:3      | Reached XP level 6. HP: 43/47 MP: 6/6
  2495 | D:4      | Reached XP level 7. HP: 41/52 MP: 7/7
  3212 | D:5      | Entered Level 5 of the Dungeon
  3337 | D:5      | Found a staircase to the Ecumenical Temple.
  3528 | Temple   | Entered the Ecumenical Temple
  3589 | Temple   | Became a worshipper of Hepliaklqana the Forgotten
  4186 | D:5      | Found a glowing golden altar of the Shining One.
  4206 | D:5      | Reached XP level 8. HP: 52/52 MP: 8/8
  4344 | D:6      | Reached skill level 1 in Dodging
  4530 | D:6      | Reached * piety under Hepliaklqana
  4609 | D:6      | Reached skill level 4 in Fighting
  5240 | D:6      | Found a glowing silver altar of Zin.
  5245 | D:6      | Found a shattered altar of Ashenzari.
  5249 | D:6      | Found an iron altar of Okawaru.
  5692 | D:7      | Reached XP level 9. HP: 39/60 MP: 9/9
  5718 | D:7      | Reached skill level 5 in Fighting
  6282 | D:7      | Found a blossoming altar of Fedhas.
  6396 | D:7      | Noticed a hippogriff
  6406 | D:7      | Killed a hippogriff
  6406 | D:7      | Reached skill level 6 in Fighting
  6473 | D:7      | Found a snail-covered altar of Cheibriados.
  6657 | D:8      | Reached skill level 5 in Shields
  6673 | D:8      | Reached ** piety under Hepliaklqana
  6674 | D:8      | Remembered your ancestor Sextus as a hexer
  6691 | D:8      | Noticed Grum
  6698 | D:8      | Reached skill level 5 in Armour
  6713 | D:8      | Reached XP level 10. HP: 37/69 MP: 10/10
  6731 | D:8      | Killed Grum
  6731 | D:8      | Reached skill level 7 in Fighting
  7076 | D:8      | Found a shimmering altar of Xom.
  7180 | D:8      | Found a glowing golden altar of the Shining One.
  7672 | D:9      | Noticed an orange demon
  7673 | D:9      | Found a burning altar of Makhleb.
  7673 | D:9      | Noticed an orange demon
  7944 | D:9      | Reached skill level 8 in Fighting
  7944 | D:9      | Reached skill level 5 in Dodging
  8027 | D:9      | Noticed a two-headed ogre
  8097 | D:9      | Killed a two-headed ogre
  8155 | D:9      | Reached skill level 10 in Axes
  8367 | D:9      | Noticed a deep elf mage
  8396 | D:9      | Killed a deep elf mage
  8396 | D:9      | Reached skill level 9 in Fighting
  8396 | D:9      | Reached XP level 11. HP: 15/80 MP: 11/11
  8902 | D:9      | Reached *** piety under Hepliaklqana
  9064 | D:9      | Found a sacrificial altar of Ru.
  9253 | D:10     | Entered Level 10 of the Dungeon
  9253 | D:10     | Noticed Nergalle
  9270 | D:10     | Noticed a spectral orc warlord
  9281 | D:10     | Killed Nergalle
  9430 | D:10     | Noticed Sonja
  9466 | D:10     | Killed Sonja
  9821 | D:10     | Found a staircase to the Orcish Mines.
  9850 | D:10     | Noticed Urug
  9869 | D:10     | Killed Urug
  9944 | D:10     | Found a staircase to the Lair.
 10192 | D:11     | Reached skill level 1 in Polearms
 10586 | D:11     | Noticed a six-headed hydra
 11049 | D:11     | Killed a six-headed hydra
 11182 | D:11     | Noticed a cyclops
 11194 | D:11     | Killed a cyclops
 11194 | D:11     | Reached skill level 5 in Polearms
 11512 | D:12     | Reached XP level 12. HP: 72/87 MP: 12/12
 11591 | Lair:1   | Entered Level 1 of the Lair of Beasts
 11730 | Lair:1   | Reached **** piety under Hepliaklqana
 11789 | Lair:1   | Found a runed door.
 11789 | Lair:1   | Noticed Xetaorace's ghost (journeyman DsGl)
 11848 | Lair:1   | Killed Xetaorace's ghost
 12174 | Lair:1   | Noticed Joseph
 12194 | Lair:1   | Killed Joseph
 12772 | Lair:2   | Noticed a six-headed hydra
 12782 | Lair:2   | Killed a six-headed hydra
 13299 | Lair:2   | Found a staircase to the Swamp.
 13703 | Lair:3   | Reached ***** piety under Hepliaklqana
 13890 | Lair:3   | Reached skill level 10 in Polearms
 13986 | Lair:3   | Found a staircase to the Snake Pit.
 14557 | Lair:3   | Reached XP level 13. HP: 90/91 MP: 13/13
 14608 | Lair:3   | Identified the Almanac of Venomous Necromancy
 14934 | Lair:3   | Noticed a dire elephant
 14955 | Lair:3   | Killed a dire elephant
 15218 | Lair:4   | Reached skill level 10 in Fighting
 16120 | Lair:5   | Noticed a catoblepas
 16132 | Lair:5   | Killed a catoblepas
 16192 | Lair:5   | Reached ****** piety under Hepliaklqana
 16256 | Lair:5   | Reached XP level 14. HP: 99/99 MP: 14/14
 17211 | Lair:6   | Entered Level 6 of the Lair of Beasts
 17824 | Lair:6   | Reached skill level 11 in Fighting
 17849 | Lair:6   | Got a twisted chain mail
 17860 | Lair:6   | Identified the cursed +1 chain mail "Dikomy" {rElec Dex+3} (You found it on level 6 of the Lair of Beasts)
 18383 | Lair:6   | Reached XP level 15. HP: 72/107 MP: 15/15
 18829 | Lair:6   | Found a viscous altar of Jiyva.
 18829 | Lair:6   | Found a staircase to the Slime Pits.
 19015 | Orc:1    | Entered Level 1 of the Orcish Mines
 19209 | Orc:1    | Found a runed door.
 19237 | Orc:1    | Found a runed door.
 19239 | Orc:1    | Found the +10 large shield of Ignorance {rN+ Int-4}
 19326 | Orc:1    | Found a roughly hewn altar of Beogh.
 19587 | Orc:1    | Found Zipuushua's Antique Armour Shoppe.
 19590 | Orc:1    | Bought a runed helmet for 210 gold pieces
 19637 | Orc:2    | Entered Level 2 of the Orcish Mines
 19662 | Orc:2    | Found a staircase to the Elven Halls.
 19825 | Orc:2    | Reached skill level 10 in Armour
 20289 | Orc:2    | Reached skill level 10 in Dodging
 20327 | Orc:2    | Reached skill level 12 in Fighting
 20330 | Orc:2    | Found Beuhij's Jewellery Shoppe.
 20538 | Orc:2    | Found Owauv's Jewellery Boutique.
 20539 | Orc:2    | Found Extorr's Food Shop.
 20543 | Orc:2    | Found Ginikhie's Weapon Boutique.
 20824 | Orc:2    | Found a runed door.
 20826 | Orc:2    | Noticed TheNamelessOne's ghost (adept OpTm)
 20892 | Orc:2    | Killed TheNamelessOne's ghost
 21143 | Orc:2    | Bought the ring "Jiutag" {rC+ rN+++ AC+3 Str+4 Int-2} for 903 gold pieces
 22006 | D:13     | Reached skill level 1 in Invocations
 22383 | D:13     | Reached XP level 16. HP: 114/114 MP: 17/17
 22487 | D:13     | Noticed Nessos
 22505 | D:13     | Killed Nessos
 23360 | D:14     | Reached skill level 10 in Shields
 23730 | D:14     | Noticed ThereIsNoGod's ghost (journeyman FoEE)
 23750 | D:14     | Found a runed gate.
 23750 | D:14     | Found a runed gate.
 23750 | D:14     | Found a runed gate.
 24133 | D:14     | Found a gate to the Vaults.
 24689 | D:14     | Killed ThereIsNoGod's ghost
 24753 | D:15     | Entered Level 15 of the Dungeon
 24784 | D:15     | Noticed Rupert
 24822 | D:15     | HP: 4/116 [Rupert/battleaxe of chopping (5)]
 24834 | D:15     | Killed Rupert
 25598 | D:15     | Reached skill level 5 in Invocations
 25625 | D:15     | Found a staircase to the Depths.
 25904 | D:12     | Reached skill level 13 in Fighting
 25997 | Swamp:1  | Entered Level 1 of the Swamp
 26303 | Swamp:1  | Found a runed door.
 26315 | Swamp:1  | Noticed Uptaduxi's ghost (journeyman DECj)
 26351 | Swamp:1  | Killed Uptaduxi's ghost
 26727 | Swamp:1  | Noticed a thorn hunter
 26755 | Swamp:1  | Killed a thorn hunter
 26755 | Swamp:1  | Reached XP level 17. HP: 52/122 MP: 21/21
 27740 | Swamp:2  | Noticed Nikola
 27766 | Swamp:2  | Killed Nikola
 28507 | Swamp:3  | Noticed Aizul
 28534 | Swamp:3  | Killed Aizul
 28903 | Swamp:3  | Noticed Bai Suzhen
 28920 | Swamp:3  | Killed Bai Suzhen
 29126 | Swamp:3  | Noticed Kirke
 29157 | Swamp:3  | Killed Kirke
 29430 | Swamp:4  | Entered Level 4 of the Swamp
 31035 | Swamp:4  | Got a decaying rune of Zot
 31202 | Snake:1  | Entered Level 1 of the Snake Pit
 31325 | Snake:1  | Reached XP level 18. HP: 129/130 MP: 23/23
 31361 | Snake:1  | Reached skill level 14 in Fighting
 33075 | Snake:3  | Noticed Vashnia
 33122 | Snake:3  | Killed Vashnia
 34547 | Snake:3  | Reached XP level 19. HP: 106/138 MP: 24/24
 35079 | Snake:4  | Entered Level 4 of the Snake Pit
 35435 | Snake:4  | Reached skill level 15 in Fighting
 36165 | Snake:4  | Got a serpentine rune of Zot
 37019 | Vaults:1 | Entered Level 1 of the Vaults
 37268 | Vaults:1 | Found Midetofu's General Store.
 37287 | Vaults:1 | Bought a scroll of summoning for 171 gold pieces
 37287 | Vaults:1 | Bought a scroll of fear for 63 gold pieces
 37548 | Vaults:1 | Reached XP level 20. HP: 146/146 MP: 25/25
 37846 | Vaults:1 | Paralysed by a sphinx for 5 turns
 39279 | Vaults:2 | Reached skill level 15 in Armour
 39308 | Vaults:2 | Reached skill level 16 in Fighting
 39400 | Vaults:2 | Reached skill level 15 in Dodging
 39549 | Vaults:2 | Got a brightly glowing emerald amulet
 39668 | Vaults:2 | Found Affaguji's Jewellery Emporium.
 40462 | Vaults:3 | Reached XP level 21. HP: 153/153 MP: 27/27
 40627 | Vaults:3 | Noticed a Brimstone Fiend
 41299 | Vaults:3 | Identified the amulet "Zometum" {+Rage rN+ Dex+4} (You took it off a vault sentinel on level 2 of the Vaults)
 41408 | Vaults:3 | Found a staircase to the Crypt.
 41437 | Vaults:3 | Reached skill level 15 in Shields
 42828 | Vaults:4 | Reached skill level 17 in Fighting
 43141 | Vaults:4 | Reached XP level 22. HP: 73/162 MP: 28/28
 44019 | Depths:1 | Entered Level 1 of the Depths
 44791 | Depths:1 | Found a shimmering altar of Xom.
 44840 | Depths:1 | Found a gateway to Hell.
 45177 | Depths:1 | Found Geqiuhum's Jewellery Boutique.
 45179 | Depths:1 | Found Kirchou's Gadget Shoppe.
 45180 | Depths:1 | Found Eqeerch Yroim's Jewellery Boutique.
 45204 | Depths:1 | Bought the macabre finger necklace {rN+} for 880 gold pieces
 45204 | Depths:1 | Found the macabre finger necklace {rN+}
 45656 | Depths:2 | Reached skill level 18 in Fighting
 45890 | Depths:2 | HP: 8/165 [ice dragon/blast of cold (14)]
 46484 | Depths:2 | Reached XP level 23. HP: 103/171 MP: 29/29
 46688 | Depths:2 | Identified the Collected Works on Toxic Flight
 46691 | Depths:2 | Got a transparent trident
 46692 | Depths:2 | Identified the +10 trident of Riomm {freeze, +Rage rF+} (You found it on level 2 of the Depths)
 46940 | Depths:2 | Noticed Sojobo
 46962 | Depths:2 | Killed Sojobo
 47024 | Depths:2 | Noticed a caustic shrike
 47038 | Depths:2 | Killed a caustic shrike
 49217 | Depths:2 | Reached skill level 19 in Fighting
 49327 | Depths:3 | Noticed a golden dragon
 49442 | Depths:2 | Upgraded the game from 0.22-a0-538-g76cc104 to 0.22-a0-553-g9358b0b
 49530 | Depths:3 | Reached XP level 24. HP: 180/180 MP: 29/29
 49988 | Depths:3 | Found a one-way gate leading to the halls of Pandemonium.
 50119 | Depths:3 | Found a gateway to a ziggurat.
 50161 | Depths:3 | Found a one-way gate to the infinite horrors of the Abyss.
 51849 | Depths:4 | Identified the +1 steam dragon scales "Ithe" {rPois rN+++ Str-5 Int+3} (You found it on level 4 of the Depths)
 52352 | Depths:5 | Entered Level 5 of the Depths
 52974 | Depths:5 | Noticed a golden dragon
 53006 | Depths:5 | Killed a golden dragon
 53672 | Depths:5 | Found a gate to the Realm of Zot.
 53726 | Depths:5 | Reached XP level 25. HP: 92/189 MP: 29/29
 54292 | Depths:5 | Noticed a juggernaut
 54309 | Depths:5 | Killed a juggernaut
 54309 | Depths:5 | Reached skill level 20 in Fighting
 54776 | Vaults:5 | Entered Level 5 of the Vaults
 55033 | Vaults:5 | Noticed an ancient lich
 55045 | Vaults:5 | Killed an ancient lich
 55092 | Vaults:5 | Noticed an ancient lich
 55108 | Vaults:5 | Killed an ancient lich
 55334 | Vaults:5 | HP: 9/190 [tengu reaver/bolt of magma (27)]
 55468 | Vaults:5 | Mangled by an ettin

Vault maps used:
D:1:      wheals_arrival_shading, minmay_vboxes
D:2:      kiku_gazebo_garden_becter, minmay_cut_off, uniq_terence
D:3:      first_ration, serial_forest, infiniplex_forest_lined_2,
          infiniplex_forest_lined_ring, infiniplex_forest_clump_medium,
          infiniplex_forest_end_3, roderic_batcave
D:5:      temple_statues, nicolae_tso_besieged_by_evil
D:6:      minmay_overflow_temple_star_quad
D:7:      fedhas_altar_fruit_tree, marbit_many_paths
D:8:      kennysheep_mini, tgw_xom, uniq_grum
D:9:      nicolae_ru_path_of_blood, grunt_pizzeria, lemuel_hellish_altar
D:10:     dpeg_oklobed_lair, orc_0_dummy, uniq_urug, uniq_sonja, uniq_nergalle
D:12:     hangedman_abyss_or_decor_stagger
D:13:     minmay_misc_feat_nine_boxes, uniq_nessos
D:14:     lightli_vaults_fourway_checkpoint, corexii_leaking_fountain,
          gammafunk_ghost_icy
D:15:     grunt_enter_depths_hoard, uniq_rupert
Temple:   nicolae_temple_great_sept
Lair:1:   gammafunk_ghost_grave, infiniplex_staircase_pool_2,
          grunt_megastairs_2, uniq_joseph
Lair:2:   minmay_swamp_entry_swarm
Lair:3:   mu_elephants_graveyard, minmay_snake_entry_guardpost_small
Lair:4:   kennysheep_rathole
Lair:5:   special_room
Lair:6:   evilmike_catoblepas_cave, dpeg_slime_entry_enclosed_altar,
          infiniplex_staircase_pool, grunt_megastairs_1
Swamp:1:  cheibrodos_swamp_tower_of_moss, ebering_ghost_inner_flame,
          evilmike_swamp_ruin_house_6
Swamp:2:  wheals_swamp_sinkhole, uniq_nikola
Swamp:3:  evilmike_swamp_ruin_rubble_1, swamp_pool2, hangedman_swamp_lotus,
          uniq_kirke, uniq_aizul, uniq_bai_suzhen
Swamp:4:  swamp_icy, swamp_pool1
Snake:2:  basic_stair_grate_trap
Snake:3:  uniq_vashnia
Snake:4:  minmay_snake_end_coiled, spider_trap, grunt_ministairs_1
Orc:1:    serial_shops, shop, basic_altar, chequers_guarded_unrand_ignorance
Orc:2:    st_orc_open, ebering_ghost_inner_flame
Vaults:1: nicolae_vaults_gold_heap, vaults_room_large_hall,
          hangedman_vaults_corner_blocks, nicolae_vaults_big_angled_halls,
          nicolae_vaults_network_periphery, vaults_room_semicircle,
          vaults_dpeg_cross, vaults_room_door_hall, vaults_room_hallway,
          nicolae_vaults_little_squares_1, nicolae_vaults_little_squares_4,
          vaults_room_door_hall, serial_shops, shop
Vaults:2: v_misc_24, v_misc_18, nicolae_vaults_stairing_the_circle, v_misc_14,
          nicolae_vaults_little_squares_4, vaults_room_stairs_pillars,
          serial_shops, nicolae_shop_behind_doors
Vaults:3: blue_anna_dwarven_crypt, ontoclasm_vaults_loading_screen,
          vaults_room_pool, nicolae_vaults_alarming, hangedman_vaults_capsules,
          v_misc_17, nicolae_vaults_little_squares_1, v_misc_15,
          grunt_vaults_hallway_long
Vaults:4: nicolae_vaults_network_s, v_alt_pattern_4, ontoclasm_vaults_spin,
          hangedman_vaults_corner_blocks, grunt_vaults_bifocal,
          grunt_vaults_hallway_long, v_misc_28, v_rooms_4,
          ontoclasm_vaults_ring_small, ontoclasm_vaults_chip
Depths:1: minmay_spriggan_fort, pf_dread_powers_of_hell, kennysheep_nondescript,
          lemuel_statue_altar, minmay_shop_grove
Depths:2: evilmike_marble_ring, hell_entry, minmay_tree_intersection,
          minmay_misc_feat_secret_circle, st_stairs_10, minmay_multi_spiral,
          uniq_sojobo
Depths:3: minmay_the_grid_square_5x5_3x3, enter_ziggurat_d, grunt_hell_horde,
          rand_demon_pan_entry_4, abyss_entry_small_statue_room
Depths:4: minmay_triangles_in_corner, pf_hell_entry_tar_river,
          minmay_misc_feat_alley, abyss_entry
Depths:5: grunt_zot_entry_bicorn, pan_entry, serial_sigils,
          serial_sigils_hangedman_quiver, serial_sigils_hangedman_quiver,
          serial_sigils_hangedman_gut, serial_sigils_hangedman_gut,
          serial_sigils_hangedman_stare, hell_entry

Skill      XL: |  1  2  3  4  5  6  7  8  9 10 11 12 13 14 15 16 17 18 19 20 21 22 23 24 25 |
---------------+----------------------------------------------------------------------------+-----
Axes           | 3 4 5 6 8 9 10 | 10.6
Dodging        | 2 3 5 6 7 9 10 11 12 13 14 15 16 17 18 19 | 19.8
Fighting       | 4 6 9 10 11 12 13 14 15 16 17 18 19 20 | 20.5
Armour         | 4 5 6 7 8 9 10 11 12 13 14 15 16 17 18 19 | 19.9
Shields        | 4 5 6 7 9 10 11 12 13 14 15 | 15.0
Polearms       | 5 11 13 | 13.7
Invocations    | 1 5 7 9 |  9.0

Action                   |  1- 3 |  4- 6 |  7- 9 | 10-12 | 13-15 | 16-18 | 19-21 | 22-24 | 25-27 || total
-------------------------+-------+-------+-------+-------+-------+-------+-------+-------+-------++-------
Melee: War axe           |   106 |   194 |   322 |   312 |       |       |       |       |       ||   934
       Demon trident     |       |       |       |   403 |  1241 |  1833 |  1475 |  1841 |   310 ||  7103
Invok: Recall Ancestor   |       |       |     2 |       |       |       |     4 |     3 |     1 ||    10
       Ancestor Identity |       |       |     2 |       |       |       |       |       |       ||     2
       Ancestor Life: He |       |       |     1 |       |       |       |       |       |       ||     1
       Idealise          |       |       |       |       |       |       |     3 |     2 |     1 ||     6
Evoke: Wand              |       |       |       |     2 |     4 |    19 |       |     2 |     6 ||    33
  Use: Scroll            |       |     8 |     1 |    11 |     7 |    11 |    13 |    16 |    16 ||    83
       Potion            |       |     1 |     1 |    12 |       |     4 |       |     1 |    10 ||    29
 Stab: Distracted        |       |       |     3 |    10 |    13 |    22 |    14 |    18 |     3 ||    83
       Confused          |       |       |     1 |    10 |     6 |    19 |    61 |    68 |     4 ||   169
       Petrified         |       |       |       |       |    16 |       |       |       |       ||    16
       Paralysed         |       |       |       |       |    17 |    32 |    63 |    82 |     4 ||   198
  Eat: Chunk             |       |     6 |     4 |    10 |    22 |    18 |    12 |    24 |       ||    96
       Ration            |       |       |     3 |     5 |     1 |     7 |     5 |     4 |     1 ||    26
Armor: Scale mail        |    40 |    86 |    79 |       |       |       |       |       |       ||   205
       Chain mail        |       |       |    90 |   252 |   249 |   339 |   158 |   301 |    72 ||  1461
       Skin              |       |       |       |    24 |       |       |       |       |       ||    24
Dodge: Dodged            |    51 |    97 |   104 |   232 |   308 |   551 |   287 |   468 |   133 ||  2231
Block: Shield            |    24 |       |       |       |       |   116 |   542 |   900 |   202 ||  1784
       Buckler           |    21 |    68 |   108 |   221 |   251 |   491 |       |       |       ||  1160
       Reflection        |       |       |       |       |       |    58 |    91 |    78 |     9 ||   236

Table legend:
 A = Spawn XP
 B = Non-spawn XP
 C = Spawn XP percentage of total XP
 D = Spawn monster count
 E = Non-spawn monster count
 F = Spawn count percentage of total count
 G = Total turns spent on level
                    A         B        C        D         E        F      G
               +---------+---------+-------+---------+---------+-------+---------
         Total |       0 |  893426 |   0.0 |       0 |    1805 |   0.0 | 55468
               +---------+---------+-------+---------+---------+-------+---------
           D:1 |       0 |      46 |   0.0 |       0 |      25 |   0.0 |   880
           D:2 |       0 |     117 |   0.0 |       0 |      25 |   0.0 |   869
           D:3 |       0 |     240 |   0.0 |       0 |      31 |   0.0 |   592
           D:4 |       0 |     330 |   0.0 |       0 |      16 |   0.0 |   871
           D:5 |       0 |     329 |   0.0 |       0 |      18 |   0.0 |  1092
           D:6 |       0 |     678 |   0.0 |       0 |      19 |   0.0 |  1180
           D:7 |       0 |    1506 |   0.0 |       0 |      20 |   0.0 |  1119
           D:8 |       0 |    1600 |   0.0 |       0 |      34 |   0.0 |  1090
           D:9 |       0 |    3741 |   0.0 |       0 |      27 |   0.0 |  1619
          D:10 |       0 |    3907 |   0.0 |       0 |      25 |   0.0 |  1324
          D:11 |       0 |    3085 |   0.0 |       0 |      36 |   0.0 |  1208
          D:12 |       0 |    4365 |   0.0 |       0 |      45 |   0.0 |   667
          D:13 |       0 |   10435 |   0.0 |       0 |      46 |   0.0 |  1239
          D:14 |       0 |   18172 |   0.0 |       0 |      60 |   0.0 |  1786
          D:15 |       0 |   13166 |   0.0 |       0 |      25 |   0.0 |  1177
        Lair:1 |       0 |    2112 |   0.0 |       0 |       7 |   0.0 |  1196
        Lair:2 |       0 |    3531 |   0.0 |       0 |      17 |   0.0 |  1281
        Lair:3 |       0 |   11682 |   0.0 |       0 |      31 |   0.0 |  1136
        Lair:4 |       0 |    7608 |   0.0 |       0 |      35 |   0.0 |   794
        Lair:5 |       0 |   10281 |   0.0 |       0 |      49 |   0.0 |  1427
        Lair:6 |       0 |   22363 |   0.0 |       0 |      59 |   0.0 |  1653
       Swamp:1 |       0 |   12728 |   0.0 |       0 |      26 |   0.0 |  1222
       Swamp:2 |       0 |   15683 |   0.0 |       0 |      38 |   0.0 |  1245
       Swamp:3 |       0 |   13015 |   0.0 |       0 |      16 |   0.0 |  1013
       Swamp:4 |       0 |   18214 |   0.0 |       0 |      72 |   0.0 |  1686
       Snake:1 |       0 |   16989 |   0.0 |       0 |      33 |   0.0 |  1228
       Snake:2 |       0 |   11403 |   0.0 |       0 |      23 |   0.0 |   925
       Snake:3 |       0 |   37230 |   0.0 |       0 |      60 |   0.0 |  1796
       Snake:4 |       0 |   39663 |   0.0 |       0 |      74 |   0.0 |  1537
         Orc:1 |       0 |    1622 |   0.0 |       0 |       9 |   0.0 |   630
         Orc:2 |       0 |   22527 |   0.0 |       0 |      94 |   0.0 |  1554
      Vaults:1 |       0 |   37382 |   0.0 |       0 |      59 |   0.0 |  1472
      Vaults:2 |       0 |   65678 |   0.0 |       0 |      96 |   0.0 |  2121
      Vaults:3 |       0 |   46036 |   0.0 |       0 |      71 |   0.0 |  1454
      Vaults:4 |       0 |   53423 |   0.0 |       0 |      95 |   0.0 |  2047
      Vaults:5 |       0 |   68079 |   0.0 |       0 |      48 |   0.0 |   692
      Depths:1 |       0 |   64539 |   0.0 |       0 |      94 |   0.0 |  2632
      Depths:2 |       0 |  100587 |   0.0 |       0 |      87 |   0.0 |  2745
      Depths:3 |       0 |   37726 |   0.0 |       0 |      57 |   0.0 |  1155
      Depths:4 |       0 |   61538 |   0.0 |       0 |      69 |   0.0 |  2175
      Depths:5 |       0 |   50070 |   0.0 |       0 |      34 |   0.0 |  1868
               +---------+---------+-------+---------+---------+-------+---------
